 Dungeon Crawl Stone Soup version 0.23-a0-296-ga3b1b28 (webtiles) character file.

2809 Ijustatesigmund the Shield-Bearer (level 9, 0/58 HPs)
             Began as an Octopode Conjurer on Oct 4, 2018.
             Slain by a wight
             ... wielding a +0 trident
              (5 damage)
             ... on level 7 of the Dungeon on Oct 5, 2018.
             The game lasted 00:31:52 (9599 turns).

Ijustatesigmund the Shield-Bearer (OpCj)            Turns: 9599, Time: 00:31:54

Health: 0/58       AC:  2    Str:  8    XL:     9   Next: 72%
Magic:  2/14       EV: 14    Int: 17    God:
Gold:   380        SH:  7    Dex: 15    Spells: 3/14 levels left

rFire    . . .     SeeInvis .   e - +5 short sword
rCold    + . .     Gourm    .   i - +2 buckler
rNeg     . . .     Faith    .   (helmet restricted)
rPois    +         Spirit   .   a - amulet of regeneration
rElec    .         Reflect  .   (no ring)
rCorr    .         Harm     .   (no ring)
MR       .....                  (no ring)
Stlth    +++.......             (no ring)
HPRegen  0.59/turn              (no ring)
MPRegen  0.14/turn              (no ring)
                                (no ring)
                                (no ring)

@: heavily drained
A: almost no armour, stealthy swim, amphibious, 8 rings, constrict 8, tentacle
spike 1, camouflage 1, cold resistance 1, mutation resistance 1, poison
resistance, shaggy fur 1, gelatinous body 1
a: no special abilities


You were on level 7 of the Dungeon.
You were hungry.

You visited 2 branches of the dungeon, and saw 8 of its levels.
You also visited: Ossuary.

You collected 380 gold pieces.

Inventory:

Hand Weapons
 e - a +5 short sword (weapon)
 r - the +7 whip of the Heavens {slash, rPois Int-3 SInv}
   (You found it on level 5 of the Dungeon)

   It inflicts extra damage upon your enemies.
   It affects your intelligence (-3).
   It protects you from poison.
   It lets you see invisible.
Missiles
 u - a throwing net (quivered)
Armour
 i - a +2 buckler (worn)
Jewellery
 a - an amulet of regeneration (around mantle)
 k - an uncursed ring of poison resistance
Wands
 m - a wand of random effects (27)
 t - a wand of iceblast (5)
Scrolls
 c - 6 scrolls of teleportation
 h - 4 scrolls of amnesia
 n - 4 scrolls of remove curse
 w - a scroll of identify
 x - a scroll of immolation
Potions
 d - a potion of might
 f - 2 potions of agility
 g - 4 potions of curing
 j - 3 potions of resistance
 l - a potion of brilliance {unknown}
 o - 2 potions of flight {unknown}
 p - 3 potions of cancellation {unknown}
 q - a potion of haste {unknown}
 s - 2 potions of mutation
Comestibles
 b - 6 rations


   Skills:
 + Level 3.9(2.3) Fighting
 + Level 5.4(3.7) Short Blades
 + Level 4.0(2.4) Dodging
 - Level 2.6(1.1) Stealth
 - Level 5.8(4.1) Shields
 - Level 3.3(1.7) Spellcasting
 - Level 4.3(2.6) Conjurations
 - Level 4.0(2.4) Hexes
 - Level 2.2(0.6) Translocations
 - Level 3.2(1.6) Air Magic
 - Level 3.8(2.2) Poison Magic
 - Level 3.1(1.5) Evocations


You had 3 spell levels left.
You knew the following spells:

 Your Spells              Type           Power        Failure   Level  Hunger
a - Magic Dart            Conj           ##..         7%          1    #......
b - Searing Ray           Conj           ##....       10%         2    ###....
c - Dazzling Spray        Conj/Hex       ##....       21%         3    ###....
d - Blink                 Tloc           N/A          22%         2    ###....
e - Mephitic Cloud        Conj/Pois/Air  #.......     24%         3    ###....

Your spell library contained the following spells:

 Spells                   Type           Power        Failure   Level  Hunger
 Slow                     Hex            #.......     11%         2    ###....
 Call Imp                 Summ           #.......     30%         2    ###....
 Conjure Flame            Conj/Fire      #.......     34%         3    ###....
 Iskenderun's Mystic Bla  Conj           ##......     54%         4    #####..
 Fulminant Prism          Conj/Hex       ##........   56%         4    #####..
 Force Lance              Conj/Tloc      #.......     69%         4    #####..


Dungeon Overview and Level Annotations

Branches:
Dungeon (7/15)             Temple (1/1) D:4

Altars:
Ashenzari
Dithmenos
Elyvilon
Fedhas
Gozag
Hepliaklqana
Kikubaaqudgha
Makhleb
Nemelex Xobeh
Okawaru
Qazlal
Ru
Sif Muna
Trog
Uskayaw
Vehumet
Wu Jian
Xom
Yredelemnul
The Shining One

Shops:
D:7 (

Annotations:
D:4 1 runed door, vogonpoet's ghost, novice GnWn


Innate Abilities, Weirdness & Mutations

You cannot wear most types of armour.
You are very stealthy in the water. (Stealth+)
You are amphibious.
You can wear up to eight rings at the same time.
You can use your tentacles to constrict eight enemies at once.
Your skin changes colour to match your surroundings (Stealth+).
Your rubbery body absorbs attacks. (AC +1, EV +1)
One of your tentacles bears a spike.
Your flesh is cold resistant. (rC+)
You are somewhat resistant to further mutation.
Your system is resistant to poisons. (rPois)
You are covered in fur. (AC +1)


Message History

You finish channeling your searing ray.
The wight hits you with a scimitar.
You feel drained.
Casting: Searing Ray (safe; 4% risk of failure)
Confirm with . or Enter, or press ? or * to list all spells.
Aiming: Searing Ray (safe; 4% risk of failure)
Press: ? - help, Shift-Dir - straight line, f/p - wight
Aim: a wight, wielding a scimitar and wearing a robe (heavily damaged, fast)
The searing ray hits the wight.
The wight is heavily damaged. (Press . to maintain the ray.)
The wight hits you with a scimitar!
You feel drained.
The wight hits you from afar with a trident!
You feel drained.
The searing ray hits the wight.
The wight is almost destroyed.
The wight hits you with a scimitar!
You feel drained.
The wight hits you from afar with a trident!
* * * LOW HITPOINT WARNING * * *
You feel drained.
You die...

#.##.#.#.#.#...#<....#.# #
#.##.#.#.#.#.#.#(.(..#.######
#.##...∩...........(.........
#.######.#.#.####...(#.######
#.#.#........(#.#
########.#.#########(#.######
#........#.. ........#.......
#.......z#####.......(.######
#.(.....zzzz@+.........+.....
#........#####.........######
#....##### #.........# #....#
#[........# #$...#
########### #....# #....#
#..Zg# #.g..#


You could see 5 wights.

Vanquished Creatures
  A hornet (D:7)
  Sigmund (D:2)
  Menkaure (D:4)
  Edmund (D:6)
  An ice beast (D:7)
  2 sky beasts
  4 ogres
  A centaur (D:7)
  A big kobold (D:6)
  3 bullfrogs
  A water moccasin zombie (Ossuary)
  A water moccasin skeleton (D:7)
  3 scorpions
  A howler monkey (D:5)
  A crimson imp (D:6)
  2 bullfrog zombies
  A hound (D:7)
  An orc priest (D:5)
  Crazy Yiuf (D:6)
  3 jellies
  An orc wizard (D:5)
  4 iguanas
  5 worker ants
  2 killer bee zombies
  A big kobold zombie (Ossuary)
  A hound skeleton (D:7)
  3 mummies
  A worker ant zombie (D:6)
  6 gnolls
  13 adders
  A shadow imp (D:5)
  5 adder zombies (Ossuary)
  3 adder skeletons
  5 worms
  A dart slug (D:2)
  8 leopard geckos
  15 orcs
  6 bats
  5 giant cockroaches
  3 gnoll zombies (Ossuary)
  5 goblins
  7 hobgoblins
  9 jackals
  3 quokkas
  4 frilled lizards
  A goblin zombie (D:6)
  2 hobgoblin zombies (Ossuary)
  11 kobolds
  7 kobold zombies
  6 orc zombies (Ossuary)
  10 rats
185 creatures vanquished.

Notes
Turn   | Place    | Note
-------+----------+-------------------------------------------
     0 | D:1      | Ijustatesigmund the Octopode Conjurer began the quest for
                  | the Orb.
     0 | D:1      | Reached XP level 1. HP: 11/11 MP: 3/3
   361 | D:1      | Reached XP level 2. HP: 8/17 MP: 0/5
   368 | D:1      | Learned a level 2 spell: Searing Ray
   939 | D:1      | Reached XP level 3. HP: 21/21 MP: 0/6
  1089 | D:2      | Learned a level 3 spell: Dazzling Spray
  1423 | D:2      | Reached skill level 1 in Fighting
  1423 | D:2      | Reached skill level 1 in Hexes
  1423 | D:2      | Reached XP level 4. HP: 19/28 MP: 4/7
  1766 | D:2      | Noticed Sigmund
  1772 | D:2      | Killed Sigmund
  1772 | D:2      | Reached XP level 5. HP: 19/33 MP: 3/8
  1883 | D:2      | Reached XP level 6. HP: 38/38 MP: 2/9
  2081 | D:2      | Learned a level 2 spell: Blink
  2399 | D:3      | Found a faded altar of an unknown god.
  2815 | D:3      | Reached skill level 1 in Translocations
  3573 | D:4      | Found a staircase to the Ecumenical Temple.
  3583 | Temple   | Entered the Ecumenical Temple
  3888 | D:4      | Reached XP level 7. HP: 43/43 MP: 2/10
  4111 | D:4      | Noticed Menkaure
  4118 | D:4      | Killed Menkaure
  4478 | D:4      | Found a runed door.
  4483 | D:4      | Noticed vogonpoet's ghost (novice GnWn)
  4504 | D:5      | Entered Level 5 of the Dungeon
  4568 | D:5      | Got a pitted whip
  4569 | D:5      | Identified the +7 whip of the Heavens {slash, rPois Int-3
                  | SInv} (You found it on level 5 of the Dungeon)
  4909 | D:5      | Reached XP level 8. HP: 40/48 MP: 7/11
  4925 | D:5      | Learned a level 3 spell: Mephitic Cloud
  5094 | D:5      | Reached skill level 1 in Poison Magic
  5375 | D:5      | Reached skill level 1 in Air Magic
  6170 | D:5      | Reached skill level 5 in Shields
  6170 | D:5      | Reached skill level 1 in Evocations
  6437 | D:6      | Found a bloodstained altar of Trog.
  6628 | D:6      | Found a runed door.
  6697 | D:6      | Noticed Edmund
  6709 | D:6      | Killed Edmund
  6738 | D:6      | Found a sand-covered staircase.
  6743 | Ossuary  | Entered an ossuary
  7092 | Ossuary  | Reached XP level 9. HP: 48/53 MP: 2/12
  8049 | D:6      | Noticed Crazy Yiuf
  8055 | D:6      | Killed Crazy Yiuf
  8449 | D:7      | Found Qagyuvau's Weapon Emporium.
  8730 | D:7      | Upgraded the game from 0.23-a0-295-g2e428d4 to
                  | 0.23-a0-296-ga3b1b28
  8754 | D:7      | Reached skill level 5 in Short Blades
  8819 | D:7      | Noticed a hornet
  8826 | D:7      | Paralysed by a hornet for 1 turns
  8831 | D:7      | Gained mutation: Your magical capacity is low. (-10% MP)
                  | [potion of mutation]
  8831 | D:7      | Gained mutation: You possess an exceptional clarity of
                  | mind. [potion of mutation]
  8831 | D:7      | Gained mutation: Your muscles are strong. (Str +2) [potion
                  | of mutation]
  8914 | D:6      | Lost mutation: You possess an exceptional clarity of mind.
                  | [potion of mutation]
  8914 | D:6      | Lost mutation: Your muscles are strong. (Str +2) [potion of
                  | mutation]
  8914 | D:6      | Lost mutation: Your magical capacity is low. (-10% MP)
                  | [potion of mutation]
  8914 | D:6      | Gained mutation: You are frail. (-10% HP) [potion of
                  | mutation]
  8914 | D:6      | Gained mutation: Your flesh is cold resistant. (rC+)
                  | [potion of mutation]
  8914 | D:6      | Gained mutation: Your system is resistant to poisons.
                  | (rPois) [potion of mutation]
  8914 | D:6      | Gained mutation: Your flesh is heat resistant. (rF+)
                  | [potion of mutation]
  8915 | D:6      | Lost mutation: You are frail. (-10% HP) [potion of
                  | mutation]
  8915 | D:6      | Lost mutation: Your flesh is heat resistant. (rF+) [potion
                  | of mutation]
  8915 | D:6      | Gained mutation: You are covered in fur. (AC +1) [potion of
                  | mutation]
  8915 | D:6      | Gained mutation: One of your tentacles bears a spike.
                  | [potion of mutation]
  8915 | D:6      | Gained mutation: You are somewhat resistant to further
                  | mutation. [potion of mutation]
  8925 | D:7      | Paralysed by a hornet for 3 turns
  8930 | D:7      | HP: 2/57 [poisoned by a hornet]
  9517 | D:7      | Killed a hornet
  9599 | D:7      | Slain by a wight

Vault maps used:
D:1:      evilmike_arrival_run_for_it
D:2:      first_ration, minmay_splitting_lines, uniq_sigmund
D:3:      chequers_ecumenical_altar_simple
D:4:      temple_statues, gammafunk_ghost_grave, kennysheep_generic_room_14,
          uniq_menkaure
D:5:      solitary_fountain
D:6:      basic_altar, nicolae_ossuary_entry_giza, uniq_crazy_yiuf_cottage,
          uniq_edmund
D:7:      slow_altar_2, serial_shops, shop
Temple:   regret_index_temple_chain_breaker
Ossuary:  ossuary_tomb_2

Skill      XL: |  1  2  3  4  5  6  7  8  9 |
---------------+----------------------------+-----
Dodging        | 3 4 |  4.0
Fighting       | 1 3 |  3.9
Hexes          | 1 3 4 |  4.0
Short Blades   | 2 3 5 |  5.4
Translocations | 2 |  2.2
Shields        | 4 5 |  5.8
Poison Magic   | 3 |  3.8
Air Magic      | 3 |  3.2
Evocations     | 3 |  3.1
Spellcasting   | 3 |  3.3
Stealth        | |  2.6
Conjurations   | |  4.3

Action                   |  1- 3 |  4- 6 |  7- 9 || total
-------------------------+-------+-------+-------++-------
Melee: Unarmed           |     7 |       |       ||     7
       Dagger            |     9 |       |       ||     9
       Tentacles         |     4 |     6 |    27 ||    37
       Constrict         |    12 |    10 |    45 ||    67
       Short sword       |    18 |    58 |   213 ||   289
       Kick              |       |       |     2 ||     2
 Cast: Magic Dart        |    47 |    60 |   140 ||   247
       Searing Ray       |       |     5 |    14 ||    19
       Dazzling Spray    |       |       |     6 ||     6
       Blink             |       |       |     6 ||     6
Evoke: Wand              |       |       |    11 ||    11
  Use: Scroll            |     6 |     5 |    13 ||    24
       Potion            |       |       |     8 ||     8
 Stab: Sleeping          |     1 |     9 |    17 ||    27
       Distracted        |       |       |     2 ||     2
       Invisible         |       |       |     2 ||     2
  Eat: Chunk             |     2 |     8 |    11 ||    21
       Ration            |       |     1 |     2 ||     3
Armor: Skin              |     4 |     4 |     6 ||    14
Dodge: Dodged            |    19 |    54 |   124 ||   197
Block: Buckler           |       |       |    72 ||    72

Table legend:
 A = Non-vault XP
 B = Vault XP
 C = Vault XP percentage of total XP
 D = Non-vault monster count
 E = Vault monster count
 F = Vault count percentage of total count
                 A         B        C        D         E       F
            +---------+---------+-------+---------+---------+-------
      Total |    3218 |     796 |  19.8 |     151 |      34 |  18.4
            +---------+---------+-------+---------+---------+-------
        D:1 |      31 |       5 |  13.9 |      21 |       1 |   4.5
        D:2 |      98 |     208 |  68.0 |      26 |       1 |   3.7
        D:3 |     188 |       0 |   0.0 |      22 |       0 |   0.0
        D:4 |     190 |     169 |  47.1 |      10 |       1 |   9.1
        D:5 |     711 |       0 |   0.0 |      31 |       0 |   0.0
        D:6 |     813 |     226 |  21.8 |      16 |       5 |  23.8
        D:7 |    1187 |       0 |   0.0 |      25 |       0 |   0.0
    Ossuary |       0 |     188 | 100.0 |       0 |      26 | 100.0
            +---------+---------+-------+---------+---------+-------
